 Dungeon Crawl Stone Soup version 0.18.1-8-gdd0e5ea (webtiles) character file.

177 Mefis the Magician (level 5, 0/28 HPs)
             Began as a Deep Elf Wizard on May 21, 2016.
             Succumbed to a worker ant's poison
             ... on level 4 of the Dungeon.
             The game lasted 00:07:48 (3538 turns).

Mefis the Magician (Deep Elf Wizard)                Turns: 3538, Time: 00:07:48

Health: 0/28       AC:  3    Str:  5    XL:     5   Next: 30%
Magic:  0/14       EV: 13    Int: 23    God:
Gold:   111        SH:  0    Dex: 13    Spells: 6 memorised, 1 level left

rFire  . . .     SeeInvis .     k - +0 short sword (curse)
rCold  . . .     Gourm    .     a - +0 robe
rNeg   . . .     Faith    .     (no shield)
rPois  +         Spirit   .     b - +0 hat
rElec  .         Dismiss  .     (no cloak)
rCorr  .         Reflect  .     (no gloves)
SustAt .         Harm     .     x - +0 pair of boots
MR     .....                    e - amulet of regeneration
Stlth  ++........               (no ring)
                                u - ring of poison resistance

@: lethally poisoned (0 -> -2), repel missiles, not resistant to hostile
enchantments, unstealthy
A: no striking features
a: no special abilities


You were on level 4 of the Dungeon.
You were hungry.

You visited 1 branch of the dungeon, and saw 4 of its levels.

You collected 111 gold pieces.

Inventory:

Hand Weapons
 h - a +0 dagger
 k - a cursed +0 short sword (weapon)
 o - a +0 hunting sling
Missiles
 j - 24 arrows
 A - a throwing net (quivered)
Armour
 a - a +0 robe (worn)
 b - a +0 hat (worn)
 x - a +0 pair of boots (worn)
Jewellery
 e - an amulet of regeneration (around neck)
 u - a ring of poison resistance (left hand)
Wands
 l - a wand of digging (18/24)
Scrolls
 f - 4 scrolls of remove curse {unknown}
 i - 3 scrolls of identify {unknown}
 s - a scroll of amnesia {unknown}
 v - 2 scrolls of fear {unknown}
 y - 6 scrolls of teleportation {unknown}
 C - a scroll of blinking {unknown}
Potions
 m - a potion of magic {unknown}
 n - 2 potions of agility {unknown}
 p - a potion of resistance {unknown}
 q - 2 potions of lignification {unknown}
 r - a potion of heal wounds
 t - 2 potions of haste {unknown}
 B - a potion of degeneration {unknown}
Books
 c - a book of Minor Magic

   Spells                             Type                      Level
   a - Magic Dart                     Conjuration                  1
   b - Blink                          Translocation                2
   c - Call Imp                       Summoning                    2
   d - Repel Missiles                 Charms/Air                   2
   e - Slow                           Hexes                        2
   f - Conjure Flame                  Conjuration/Fire             3
   g - Mephitic Cloud                 Conjuration/Poison/Air       3
 w - a book of the Tempests

   Spells                             Type                      Level
   a - Static Discharge               Conjuration/Air              3
   b - Lightning Bolt                 Conjuration/Air              5
   c - Fireball                       Conjuration/Fire             5
   d - Tornado                        Air                          9
   e - Shatter                        Earth                        9
Comestibles
 d - 3 bread rations
 g - a slice of pizza
 z - 4 fruits


   Skills:
 + Level 3.8 Dodging
 + Level 3.2 Stealth
 + Level 5.4 Spellcasting
 + Level 2.2 Conjurations
 + Level 2.5 Summonings
 - Level 1.1 Translocations
 + Level 0.7 Fire Magic
 * Level 1.4 Poison Magic


You had one spell level left.
You knew the following spells:

 Your Spells              Type           Power        Failure   Level  Hunger
a - Magic Dart            Conj           ###.         3%          1    None
b - Call Imp              Summ           ###.....     6%          2    None
c - Blink                 Tloc           N/A          12%         2    None
d - Repel Missiles        Chrm/Air       #.....       17%         2    None
e - Mephitic Cloud        Conj/Pois/Air  ##......     17%         3    ##.....
f - Conjure Flame         Conj/Fire      ##......     17%         3    ##.....


Dungeon Overview and Level Annotations

Branches:
Dungeon (4/15)
 Temple: D:4-7

Altars:
Qazlal


Message History

The worker ant poisons you!
Your crimson imp blinks!
You hit the worker ant but do no damage.
The worker ant is severely wounded.
You feel sick. The worker ant barely misses you.
You closely miss the worker ant.
The worker ant is severely wounded.
You feel sick. The worker ant bites you!
* * * LOW HITPOINT WARNING * * *
The worker ant misses you.
You feel sick.
The worker ant waves its antennae.
Casting: Magic Dart
Confirm with . or Enter, or press ? or * to list all spells.
A metallic apparition takes form in the air.
You feel sick. The worker ant bites you.
* * * LOW HITPOINT WARNING * * *
You are lethally poisoned!
The worker ant poisons you!
You die...

....# #.##........######
....# .................
.##############
#.##...........# .##
#........####.............(#
..#
#..............##..........#
#.##
#.........#..####..........#
#..###....####.#.##
#......?....#
##..#..##.#....#.#
#...........#
##...###...####@#
#......§....# ##..##...##
#.###............#
####..#..###
##a#.†.#####.######
.##......# ###..5.## .#
.##.#....# #....### ##
.##.#...#####.##.#
..#.#.........#..#
#......#####....##
#......###....#..#


You could see a worker ant and a friendly iron imp.

Vanquished Creatures
  A howler monkey (D:4)
  4 adders
  An ooze (D:4)
  2 worms (D:2)
  2 dart slugs
  A giant gecko (D:3)
  4 orcs
  7 bats
  2 giant cockroaches
  9 goblins
  7 hobgoblins
  2 jackals (D:3)
  5 kobolds
  A ball python (D:1)
  7 giant newts
  4 rats
59 creatures vanquished.

Vanquished Creatures (collateral kills)
  A hound (D:4)
  A giant gecko (D:3)
  3 orcs (D:3)
5 creatures vanquished.

Grand Total: 64 creatures vanquished

Notes
Turn   | Place    | Note
--------------------------------------------------------------
     0 | D:1      | Mefis the Deep Elf Wizard began the quest for the Orb.
     0 | D:1      | Reached XP level 1. HP: 10/10 MP: 7/7
   313 | D:1      | Reached XP level 2. HP: 15/15 MP: 6/9
   317 | D:1      | Learned a level 2 spell: Call Imp
   320 | D:1      | Learned a level 2 spell: Blink
   323 | D:1      | Learned a level 2 spell: Repel Missiles
  1394 | D:2      | Reached XP level 3. HP: 7/19 MP: 6/11
  1812 | D:2      | Reached skill level 5 in Spellcasting
  2115 | D:2      | Reached XP level 4. HP: 24/24 MP: 8/13
  2120 | D:2      | Learned a level 3 spell: Mephitic Cloud
  2124 | D:2      | Learned a level 3 spell: Conjure Flame
  2852 | D:3      | Found a stormy altar of Qazlal.
  3195 | D:4      | Reached skill level 1 in Poison Magic
  3515 | D:4      | Reached XP level 5. HP: 15/28 MP: 3/14
  3537 | D:4      | HP: 1/28 [worker ant (4)]
  3538 | D:4      | Succumbed to a worker ant's poison

Skill      XL: |  1  2  3  4 |
---------------+-------------+-----
Dodging        | 3 |  3.8
Summonings     | 2 |  2.5
Spellcasting   | 5 |  5.4
Conjurations   | 2 |  2.2
Stealth        | 3 |  3.2
Poison Magic   | 1 |  1.4
Translocations | |  1.1
Fire Magic     | |  0.7

Action                   |  1- 3 |  4- 6 || total
-------------------------+-------+-------++-------
Melee: Short sword       |     1 |    13 ||    14
 Cast: Magic Dart        |   112 |    62 ||   174
       Repel Missiles    |     1 |       ||     1
       Call Imp          |       |     6 ||     6
       Blink             |       |     1 ||     1
  Use: Potion            |     2 |       ||     2
 Stab: Sleeping          |     1 |       ||     1
  Eat: Chunk             |     3 |     4 ||     7
Armor: Robe              |     4 |    13 ||    17
Dodge: Dodged            |     8 |    38 ||    46
